[Event "WYCC U14 Open 2019"]
[Site "Mumbai"]
[Date "2019.10.03"]
[Round "2.1"]
[White "Jun, Rudolf Jr."]
[Black "Sreeshwan Maralakshikari"]
[Result "0-1"]
[ECO "B13"]
[WhiteElo "2105"]
[BlackElo "2449"]
[Annotator "NA"]
[PlyCount "93"]
[EventDate "2019.10.02"]
[EventType "swiss"]
[EventCountry "IND"]
[SourceTitle "playchess.com"]
[Source "ChessBase"]
[SourceQuality "1"]
[TimeControl "40/5400+30:1800+30"]

1. e4 c6 2. d4 d5 3. exd5 cxd5 4. h3 Nc6 5. Nf3 Nf6 6. Bd3 Qc7 7. c3 g6 8. b4 Bf5 9. O-O Bg7 10. Qe2 O-O 11. Re1 a6 12. Bxf5 gxf5 13. Ne5 Ne4 14. Nxc6 Qxc6 15. Bd2 e6 16. f3 Nd6 17. a4 Rae8 18. Bf4 f6 19. Bxd6 Qxd6 20. Nd2 e5 21. Qf2 Bh6 22. Nf1 Qe6 23. b5 a5 24. Ra2 Rc8 25. f4 Rxc3 26. dxe5 Rc4 27. g3 Re4 28. Rxe4 fxe4 29. exf6 d4 30. Re2 e3 31. Qf3 Rxf6 32. Qxb7 Bf8 33. Qf3 Bc5 34. Kg2 Qc4 35. Qa8+ Rf8 36. Qf3 Re8 37. Qh5 Re6 38. Qg5+ Rg6 39. Qd8+ Kg7 40. Qd7+ Kh6 41. Kf3 Qc1 42. Nxe3 dxe3 43. g4 Qf1+ 44. Ke4 Qh1+ 45. Kf5 Qb1+ 46. Ke5 Bd6+ 47. Kd4 0-1

[Event "WYCC U14 Open 2019"]
[Site "Mumbai"]
[Date "2019.10.03"]
[Round "2.2"]
[White "Murzin, Volodar"]
[Black "Andrijashkin, Deniss"]
[Result "1-0"]
[ECO "B40"]
[WhiteElo "2433"]
[BlackElo "2106"]
[Annotator "NA"]
[PlyCount "59"]
[EventDate "2019.10.02"]
[EventType "swiss"]
[EventCountry "IND"]
[SourceTitle "playchess.com"]
[Source "ChessBase"]
[SourceQuality "1"]
[TimeControl "40/5400+30:1800+30"]

1. e4 c5 2. Nf3 e6 3. d3 Nc6 4. g3 d5 5. Nbd2 Nge7 6. Bg2 g6 7. O-O Bg7 8. Re1 O-O 9. e5 Qc7 10. Qe2 b5 11. Nf1 Bb7 12. h4 Rfc8 13. Bf4 Qd8 14. N1h2 a5 15. Ng4 Nf5 16. Bg5 Qc7 17. Qd2 b4 18. Nf6+ Kh8 19. g4 Nfd4 20. Nxd4 Nxd4 21. c3 Nc6 22. Qf4 Ne7 23. h5 Ng8 24. Re3 h6 25. Rh3 Nxf6 26. exf6 hxg5 27. hxg6+ Kg8 28. Qxg5 fxg6 29. Qxg6 Qf7 30. Rh8+ 1-0

[Event "WYCC U14 Open 2019"]
[Site "Mumbai"]
[Date "2019.10.03"]
[Round "2.3"]
[White "Madaminov, Mukhiddin"]
[Black "Suleymanli, Aydin"]
[Result "0-1"]
[ECO "A45"]
[WhiteElo "2045"]
[BlackElo "2426"]
[Annotator "NA"]
[PlyCount "102"]
[EventDate "2019.10.02"]
[EventType "swiss"]
[EventCountry "IND"]
[SourceTitle "playchess.com"]
[Source "ChessBase"]
[SourceQuality "1"]
[TimeControl "40/5400+30:1800+30"]

1. d4 Nf6 2. Nc3 d5 3. Bf4 e6 4. Nb5 Na6 5. e3 Bb4+ 6. c3 Be7 7. Na3 O-O 8. Nc2 c5 9. Bxa6 bxa6 10. Nf3 a5 11. O-O Ba6 12. Re1 Qb6 13. Rb1 Ne4 14. Ne5 Rfd8 15. f3 Nd6 16. Nd3 Nb7 17. Qd2 Rac8 18. Bg3 a4 19. Bf2 cxd4 20. exd4 Qa5 21. Ne3 Bxd3 22. Qxd3 Nd6 23. a3 Rb8 24. Bg3 Rb3 25. Bxd6 Bxd6 26. Nc2 Rdb8 27. Nb4 Qb6 28. Qc2 a5 29. Nd3 Bxa3 30. Ra1 Bxb2 31. Nxb2 Rxb2 32. Qxa4 Qd8 33. Ra2 h6 34. Kh1 Qc7 35. Rxb2 Rxb2 36. Rg1 Kh7 37. h3 Qxc3 38. Qd7 Kg6 39. Qa7 Rd2 40. f4 Rxd4 41. Rf1 Rxf4 42. Rxf4 Qc1+ 43. Kh2 Qxf4+ 44. g3 Qd2+ 45. Kh1 d4 46. h4 Qd1+ 47. Kg2 Qe2+ 48. Kh3 d3 49. Qxa5 Qf1+ 50. Kh2 Qf2+ 51. Kh1 d2 0-1

[Event "WYCC U14 Open 2019"]
[Site "Mumbai"]
[Date "2019.10.03"]
[Round "2.4"]
[White "Laux, Dominik"]
[Black "Pranav Anand"]
[Result "1/2-1/2"]
[ECO "D70"]
[WhiteElo "2015"]
[BlackElo "2351"]
[Annotator "NA"]
[PlyCount "97"]
[EventDate "2019.10.02"]
[EventType "swiss"]
[EventCountry "IND"]
[SourceTitle "playchess.com"]
[Source "ChessBase"]
[SourceQuality "1"]
[TimeControl "40/5400+30:1800+30"]

1. d4 Nf6 2. c4 g6 3. Nf3 Bg7 4. g3 O-O 5. Bg2 c6 6. Nc3 d5 7. O-O dxc4 8. Ne5 Nfd7 9. Nxc4 Nb6 10. Nxb6 axb6 11. d5 Bf5 12. Be3 Ra6 13. Qb3 c5 14. Bf4 Bd7 15. Rfd1 Qc8 16. e4 c4 17. Qb4 Qc5 18. Qxc5 bxc5 19. Be3 Rc8 20. f4 f6 21. a4 Rb6 22. Rd2 Na6 23. Bf1 Rb4 24. Rc2 b6 25. Bd2 e6 26. dxe6 Bxe6 27. Nd5 Bxd5 28. exd5 f5 29. Bxb4 Nxb4 30. Rxc4 Nxd5 31. Rb1 Nb4 32. b3 Rd8 33. Re1 Rd2 34. Re6 Bd4+ 35. Kh1 Rd1 36. Kg2 Nd5 37. Rxd4 Rxd4 38. Bc4 Kg7 39. Bxd5 Rxd5 40. Rxb6 Rd2+ 41. Kh3 Ra2 42. Rb7+ Kh6 43. Rb5 c4 44. bxc4 Rxa4 45. Rc5 Ra2 46. Rc7 Rc2 47. c5 Rc3 48. c6 Rc2 49. Rc8 1/2-1/2

[Event "WYCC U14 Open 2019"]
[Site "Mumbai"]
[Date "2019.10.03"]
[Round "2.5"]
[White "Samant Aditya S"]
[Black "Bochnicka, Vladimir"]
[Result "1/2-1/2"]
[ECO "B90"]
[WhiteElo "2334"]
[BlackElo "2087"]
[Annotator "NA"]
[PlyCount "85"]
[EventDate "2019.10.02"]
[EventType "swiss"]
[EventCountry "IND"]
[SourceTitle "playchess.com"]
[Source "ChessBase"]
[SourceQuality "1"]
[TimeControl "40/5400+30:1800+30"]

1. e4 c5 2. Nf3 d6 3. d4 cxd4 4. Nxd4 Nf6 5. Nc3 a6 6. Be3 e5 7. Nf3 Be7 8. Bc4 O-O 9. O-O Be6 10. Bxe6 fxe6 11. Na4 Ng4 12. Qd3 Nxe3 13. Qxe3 b5 14. Nb6 Ra7 15. Nd5 Rd7 16. Nxe7+ Qxe7 17. a4 b4 18. Rfd1 a5 19. c3 Na6 20. Qb6 Nc5 21. cxb4 Rb7 22. Qc6 Rxb4 23. Rxd6 Nxe4 24. Rxe6 Qa7 25. Re8 Qxf2+ 26. Kh1 Qc5 27. Qe6+ Kh8 28. Rxf8+ Qxf8 29. Rc1 Rxb2 30. Qxe5 Re2 31. Qxa5 h6 32. Qd5 Nf2+ 33. Kg1 Ng4 34. Qb5 Ra2 35. Re1 Nf6 36. Ne5 Qa8 37. Ng6+ Kh7 38. Nf4 Qxa4 39. Qb1+ Kg8 40. Qb8+ Kh7 41. Qb1+ Kg8 42. Qb8+ Kh7 43. Qb1+ 1/2-1/2

[Event "WYCC U14 Open 2019"]
[Site "Mumbai"]
[Date "2019.10.03"]
[Round "2.6"]
[White "Wu, Logan"]
[Black "Petkov, Momchil"]
[Result "1-0"]
[ECO "B33"]
[WhiteElo "1994"]
[BlackElo "2333"]
[Annotator "NA"]
[PlyCount "85"]
[EventDate "2019.10.02"]
[EventType "swiss"]
[EventCountry "IND"]
[SourceTitle "playchess.com"]
[Source "ChessBase"]
[SourceQuality "1"]
[TimeControl "40/5400+30:1800+30"]

1. e4 c5 2. Nf3 Nc6 3. d4 cxd4 4. Nxd4 Nf6 5. Nc3 e5 6. Ndb5 d6 7. Bg5 a6 8. Na3 b5 9. Nd5 Be7 10. Bxf6 Bxf6 11. c4 b4 12. Nc2 O-O 13. g3 Bg5 14. h4 Bh6 15. Bg2 Qa5 16. O-O Qc5 17. b3 a5 18. Nde3 Bxe3 19. Nxe3 Ra7 20. Nf5 Bxf5 21. exf5 Nd4 22. Qh5 f6 23. Bd5+ Kh8 24. Rab1 a4 25. bxa4 Rxa4 26. Rb2 Qc8 27. Rfb1 Nxf5 28. Qg4 g6 29. h5 gxh5 30. Qxh5 Ng7 31. Qh6 Qf5 32. Rxb4 Rxb4 33. Rxb4 Qg4 34. Kg2 e4 35. Qxf6 Qc8 36. Qd4 Qd8 37. Rb7 Qg5 38. Bxe4 Qg4 39. a4 h5 40. f3 Qg5 41. Qxd6 Rg8 42. f4 Rd8 43. Rb8 1-0

[Event "WYCC U14 Open 2019"]
[Site "Mumbai"]
[Date "2019.10.03"]
[Round "2.7"]
[White "Chyzy, Jakub"]
[Black "Amanzhol, Sultan"]
[Result "1-0"]
[ECO "B53"]
[WhiteElo "2327"]
[BlackElo "2032"]
[Annotator "NA"]
[PlyCount "52"]
[EventDate "2019.10.02"]
[EventType "swiss"]
[EventCountry "IND"]
[SourceTitle "playchess.com"]
[Source "ChessBase"]
[SourceQuality "1"]
[TimeControl "40/5400+30:1800+30"]

1. e4 c5 2. Nf3 d6 3. d4 cxd4 4. Qxd4 a6 5. c4 Nc6 6. Qd3 g6 7. Be2 Bg7 8. h3 Nf6 9. O-O O-O 10. Nc3 Nd7 11. b3 Nc5 12. Bb2 f5 13. exf5 Bxf5 14. Rad1 Qd7 15. Rd2 Rae8 16. Rfd1 Qc8 17. Nd5 e5 18. Bf1 Kh8 19. b4 Ne4 20. Re2 Nf6 21. Nxf6 Rxf6 22. c5 dxc5 23. bxc5 Rfe6 24. g4 Nd4 25. gxf5 Nxe2+ 26. Bxe2 gxf5 1-0

[Event "WYCC U14 Open 2019"]
[Site "Mumbai"]
[Date "2019.10.03"]
[Round "2.8"]
[White "Sahakyan, Aleks"]
[Black "Borhy, Marcell"]
[Result "1/2-1/2"]
[ECO "B29"]
[WhiteElo "1991"]
[BlackElo "2321"]
[Annotator "NA"]
[PlyCount "91"]
[EventDate "2019.10.02"]
[EventType "swiss"]
[EventCountry "IND"]
[SourceTitle "playchess.com"]
[Source "ChessBase"]
[SourceQuality "1"]
[TimeControl "40/5400+30:1800+30"]

1. e4 c5 2. Nf3 Nf6 3. Nc3 d5 4. exd5 Nxd5 5. Bc4 Nxc3 6. bxc3 Nc6 7. O-O e6 8. d4 Be7 9. Qe2 O-O 10. Rd1 Qa5 11. Bd2 Bd7 12. Rab1 Qc7 13. Qe4 Na5 14. Bf4 Qc6 15. d5 Qa4 16. Bd3 Qxe4 17. Bxe4 exd5 18. Bxd5 Bf5 19. Re1 Bf6 20. Bc7 Bxc3 21. Re3 Rac8 22. Bxa5 Bxa5 23. Rxb7 Bxc2 24. Rxa7 Rcd8 25. Bxf7+ Rxf7 26. Rxa5 Rd1+ 27. Re1 Rfd7 28. Rxc5 Rxe1+ 29. Nxe1 Rd1 30. Re5 Ra1 31. a3 Bb3 32. h3 Rxa3 33. Nf3 Ra1+ 34. Kh2 h6 35. Rb5 Bc4 36. Rc5 Be6 37. Nd4 Ra6 38. Re5 Bd7 39. Rd5 Be6 40. Rd8+ Kf7 41. Kg3 Ke7 42. Rb8 Bd5 43. Nf5+ Kf7 44. Rc8 Rg6+ 45. Kf4 Bxg2 46. Rc7+ 1/2-1/2

[Event "WYCC U14 Open 2019"]
[Site "Mumbai"]
[Date "2019.10.03"]
[Round "2.9"]
[White "Sun, Jiajun B"]
[Black "Tadic, Stefan"]
[Result "1/2-1/2"]
[ECO "B40"]
[WhiteElo "1977"]
[BlackElo "2295"]
[Annotator "NA"]
[PlyCount "147"]
[EventDate "2019.10.02"]
[EventType "swiss"]
[EventCountry "IND"]
[SourceTitle "playchess.com"]
[Source "ChessBase"]
[SourceQuality "1"]
[TimeControl "40/5400+30:1800+30"]

1. e4 c5 2. Nf3 e6 3. d4 cxd4 4. Nxd4 Nf6 5. Bd3 Nc6 6. Be3 d5 7. exd5 Nxd5 8. Nxc6 bxc6 9. Qd2 Qf6 10. c3 Qe5 11. O-O Nxe3 12. Qxe3 Qxe3 13. fxe3 Bc5 14. Kf2 Ke7 15. Nd2 Rd8 16. Ke2 a5 17. Nf3 f6 18. Nd4 Rd6 19. Rad1 g6 20. Nb3 Bb6 21. Bc4 Rxd1 22. Rxd1 e5 23. h3 a4 24. Nd2 f5 25. e4 f4 26. Nf3 Bc7 27. Ng5 h6 28. Nf7 h5 29. Ng5 Kf6 30. Nh7+ Ke7 31. Ng5 Bd7 32. Rd2 Rh8 33. Nf7 Rf8 34. Ng5 Bc8 35. b4 Rh8 36. Nf7 Rh7 37. Ng5 Rg7 38. b5 Kf6 39. h4 Bg4+ 40. Kf1 Rd7 41. Rxd7 Bxd7 42. bxc6 Bxc6 43. Ke2 Bb6 44. Ke1 Bc5 45. Ke2 Ba7 46. Ke1 Bb6 47. Ke2 Bc5 48. Ke1 Be7 49. Ke2 Kg7 50. Kf3 Bxg5 51. hxg5 Kf8 52. a3 Ke7 53. Bd5 Be8 54. Ke2 Kd6 55. Kf3 Kc5 56. Bg8 Kd6 57. Bd5 Ke7 58. Kf2 Bd7 59. Kf3 Bg4+ 60. Kf2 h4 61. Bc6 Bd7 62. Bd5 h3 63. gxh3 Bxh3 64. Kf3 Bd7 65. Bc4 Be6 66. Bb5 Bd7 67. Bc4 Be6 68. Bb5 Bb3 69. Bc6 Bd1+ 70. Kf2 Bc2 71. Kf3 Bb3 72. Ke2 Bc2 73. Kf3 Bd1+ 74. Kf2 1/2-1/2

[Event "WYCC U14 Open 2019"]
[Site "Mumbai"]
[Date "2019.10.03"]
[Round "2.10"]
[White "Srihari L R"]
[Black "Fardet, Elouan"]
[Result "1-0"]
[ECO "A05"]
[WhiteElo "2283"]
[BlackElo "2010"]
[Annotator "NA"]
[PlyCount "115"]
[EventDate "2019.10.02"]
[EventType "swiss"]
[EventCountry "IND"]
[SourceTitle "playchess.com"]
[Source "ChessBase"]
[SourceQuality "1"]
[TimeControl "40/5400+30:1800+30"]

1. Nf3 Nf6 2. c4 g6 3. b4 Bg7 4. Bb2 O-O 5. g3 c6 6. Bg2 d5 7. cxd5 Nxd5 8. Bxg7 Kxg7 9. a3 a5 10. bxa5 Rxa5 11. O-O Na6 12. d4 Nac7 13. Ne5 Nb5 14. e3 Nd6 15. Nd2 f6 16. Nd3 Nc7 17. a4 Ra7 18. Qc2 Na6 19. Qc3 Bf5 20. e4 Be6 21. Rfb1 Qd7 22. Rb2 Rd8 23. Rab1 Bf7 24. Nf4 Nb8 25. Bh3 Qc7 26. e5 Nc8 27. Ne4 g5 28. Nc5 gxf4 29. Rxb7 Qa5 30. Qxa5 Rxa5 31. exf6+ Kxf6 32. Rxb8 Rxd4 33. Nb7 Raxa4 34. Rxc8 Bd5 35. Rf8+ Kg7 36. Rxf4 Rxf4 37. gxf4 Rxf4 38. Re1 Kf6 39. Nc5 Rh4 40. Bg2 Rg4 41. Ne4+ Kf7 42. Ng3 e6 43. Rc1 Kg6 44. Kf1 h5 45. Bxd5 cxd5 46. h3 Rg5 47. Rc6 Kf7 48. Ne2 Rf5 49. Nd4 Re5 50. f3 h4 51. Kf2 Kf6 52. Ra6 Kf7 53. Ra7+ Kg6 54. Re7 Kf6 55. Rh7 Kg5 56. f4+ Kxf4 57. Rxh4+ Kg5 58. Nf3+ 1-0

[Event "WYCC U14 Open 2019"]
[Site "Mumbai"]
[Date "2019.10.03"]
[Round "3.4"]
[White "Colbow, Collin"]
[Black "Chyzy, Jakub"]
[Result "1-0"]
[ECO "C70"]
[WhiteElo "2148"]
[BlackElo "2327"]
[Annotator "NA"]
[PlyCount "36"]
[EventDate "2019.10.02"]
[EventType "swiss"]
[EventCountry "IND"]
[SourceTitle "playchess.com"]
[Source "ChessBase"]
[SourceQuality "1"]
[TimeControl "40/5400+30:1800+30"]

1. e4 e5 2. Nf3 Nc6 3. Bb5 a6 4. Ba4 Nge7 5. O-O g6 6. c3 Bg7 7. d4 exd4 8. cxd4 b5 9. Bb3 O-O 10. Nc3 d6 11. Nd5 h6 12. Nxe7+ Nxe7 13. Be3 Kh7 14. Re1 Bb7 15. Qd3 f5 16. Ng5+ hxg5 17. Bxg5 d5 18. Qh3+ Kg8 1-0

[Event "WYCC U14 Open 2019"]
[Site "Mumbai"]
[Date "2019.10.03"]
[Round "3.5"]
[White "Huang, Patrick"]
[Black "Srihari L R"]
[Result "0-1"]
[ECO "A41"]
[WhiteElo "2120"]
[BlackElo "2283"]
[Annotator "NA"]
[PlyCount "65"]
[EventDate "2019.10.02"]
[EventType "swiss"]
[EventCountry "IND"]
[SourceTitle "playchess.com"]
[Source "ChessBase"]
[SourceQuality "1"]
[TimeControl "40/5400+30:1800+30"]

1. d4 d6 2. Bf4 g6 3. Nf3 Bg7 4. e3 Nd7 5. h3 b6 6. Be2 Bb7 7. O-O e6 8. c3 Qe7 9. Nbd2 f5 10. Qb3 Nh6 11. Bc4 d5 12. Be2 Rc8 13. c4 Nf7 14. cxd5 exd5 15. Rac1 c6 16. a3 O-O 17. Rc2 g5 18. Bh2 Rce8 19. Bd3 g4 20. hxg4 fxg4 21. Ne1 Nf6 22. Qb4 Qe6 23. Nb3 Nh5 24. Re2 Qh6 25. Nd2 Bc8 26. e4 Ng5 27. exd5 Rxe2 28. Bxe2 cxd5 29. Qd6 Qxd6 30. Bxd6 Re8 31. Bb5 Re6 32. Be5 Bxe5 33. Nc2 0-1

[Event "WYCC U14 Open 2019"]
[Site "Mumbai"]
[Date "2019.10.03"]
[Round "3.7"]
[White "Abinandhan R"]
[Black "Flores Quillas, Diego Saul Rodri"]
[Result "1/2-1/2"]
[ECO "B26"]
[WhiteElo "1830"]
[BlackElo "2164"]
[Annotator "NA"]
[PlyCount "62"]
[EventDate "2019.10.02"]
[EventType "swiss"]
[EventCountry "IND"]
[SourceTitle "playchess.com"]
[Source "ChessBase"]
[SourceQuality "1"]
[TimeControl "40/5400+30:1800+30"]

1. e4 c5 2. Nc3 Nc6 3. g3 g6 4. Bg2 Bg7 5. d3 d6 6. Be3 e5 7. Nh3 Nge7 8. O-O O-O 9. Qd2 Rb8 10. Bh6 Nd4 11. Bxg7 Kxg7 12. f4 f6 13. Nd1 Bd7 14. c3 Ndc6 15. Ne3 b5 16. f5 g5 17. Nf2 Be8 18. Nd5 Nxd5 19. exd5 Ne7 20. Ne4 Nxd5 21. Nxg5 fxg5 22. Bxd5 Qf6 23. Rae1 Bf7 24. Bg2 Rfe8 25. g4 h6 26. Qf2 Rbc8 27. a3 Rc7 28. Qd2 d5 29. Re2 Rce7 30. Rfe1 Rd8 31. h3 a6 1/2-1/2

[Event "WYCC U14 Open 2019"]
[Site "Mumbai"]
[Date "2019.10.03"]
[Round "3.11"]
[White "Borhy, Marcell"]
[Black "Laux, Dominik"]
[Result "1-0"]
[ECO "A06"]
[WhiteElo "2321"]
[BlackElo "2015"]
[Annotator "NA RC"]
[PlyCount "59"]
[EventDate "2019.10.02"]
[EventType "swiss"]
[EventCountry "IND"]
[SourceTitle "playchess.com"]
[Source "ChessBase"]
[SourceQuality "1"]
[TimeControl "40/5400+30:1800+30"]

1. Nf3 d5 2. g3 Nf6 3. Bg2 Nc6 4. d4 Bf5 5. c4 e6 6. O-O Be7 7. cxd5 exd5 8. Nc3 O-O 9. Bf4 Ne4 10. Rc1 Rc8 11. Qb3 Nxc3 12. Rxc3 Na5 13. Qa4 b6 14. Ne5 g5 15. Bd2 Qd6 16. Rcc1 f6 17. Bxa5 fxe5 18. dxe5 Qxe5 19. Bc3 Qd6 20. Qd4 Bf6 21. Qxd5+ Qxd5 22. Bxd5+ Kg7 23. Bxf6+ Kxf6 24. e4 Bg6 25. Rc6+ Ke7 26. Rfc1 Kd8 27. Be6 Ra8 28. Rxc7 Bxe4 29. Rd7+ Ke8 30. Re1 1-0

[Event "WYCC U14 Open 2019"]
[Site "Mumbai"]
[Date "2019.10.03"]
[Round "3.12"]
[White "Tadic, Stefan"]
[Black "Sahakyan, Aleks"]
[Result "1-0"]
[ECO "B55"]
[WhiteElo "2295"]
[BlackElo "1991"]
[Annotator "NA"]
[PlyCount "113"]
[EventDate "2019.10.02"]
[EventType "swiss"]
[EventCountry "IND"]
[SourceTitle "playchess.com"]
[Source "ChessBase"]
[SourceQuality "1"]
[TimeControl "40/5400+30:1800+30"]

1. e4 c5 2. Nf3 d6 3. d4 cxd4 4. Nxd4 Nf6 5. f3 e5 6. Bb5+ Nbd7 7. Nf5 d5 8. exd5 a6 9. Ba4 b5 10. Bb3 Nc5 11. Ne3 Bb7 12. c4 Qa5+ 13. Nc3 Nxb3 14. Qxb3 Bc5 15. Bd2 Qb6 16. Ne4 Nxe4 17. fxe4 Qg6 18. Qd3 O-O 19. b3 Bc8 20. O-O Bh3 21. Rf2 f5 22. Kh1 f4 23. gxh3 fxe3 24. Rg2 Qh5 25. Be1 Rf6 26. Bg3 Raf8 27. Qe2 Qxh3 28. Bxe5 Rg6 29. Rxg6 hxg6 30. Bg3 Bd6 31. Qg2 Qh5 32. Rg1 Bxg3 33. Qxg3 Rf2 34. Re1 Rf3 35. Qg1 Qh3 36. Qg2 Qh5 37. d6 Rf8 38. Qg3 e2 39. Qg2 Qe5 40. Qxe2 Qxd6 41. cxb5 axb5 42. Qxb5 Qf4 43. Qd3 Qf2 44. Qe2 Qh4 45. e5 Rf2 46. Qc4+ Qxc4 47. bxc4 Rxa2 48. Rc1 Re2 49. c5 Rxe5 50. c6 Re8 51. c7 Rc8 52. Kg2 Kf7 53. Kg3 Ke6 54. Kg4 Kd7 55. Kg5 Rh8 56. c8=Q+ Rxc8 57. Rxc8 1-0

[Event "WYCC U14 Open 2019"]
[Site "Mumbai"]
[Date "2019.10.03"]
[Round "3.13"]
[White "Morgunov, Marc"]
[Black "Sun, Jiajun B"]
[Result "1/2-1/2"]
[ECO "B43"]
[WhiteElo "2280"]
[BlackElo "1977"]
[Annotator "NA"]
[PlyCount "60"]
[EventDate "2019.10.02"]
[EventType "swiss"]
[EventCountry "IND"]
[SourceTitle "playchess.com"]
[Source "ChessBase"]
[SourceQuality "1"]
[TimeControl "40/5400+30:1800+30"]

1. e4 c5 2. Nf3 e6 3. d4 cxd4 4. Nxd4 a6 5. Nc3 Qc7 6. g3 Nf6 7. Bg2 Bb4 8. O-O Nc6 9. a3 Bxc3 10. bxc3 d6 11. Nxc6 bxc6 12. Qd3 O-O 13. Rd1 d5 14. Rb1 a5 15. exd5 cxd5 16. Bf4 Qc5 17. Qd4 Qxa3 18. c4 Ba6 19. cxd5 Nxd5 20. Ra1 Qb4 21. Qxb4 axb4 22. Bd6 Rfc8 23. Bxd5 exd5 24. Bxb4 Bc4 25. Rxa8 Rxa8 26. Bc5 Rc8 27. Bd4 f6 28. c3 Kf7 29. Re1 Re8 30. Rxe8 Kxe8 1/2-1/2

[Event "WYCC U14 Open 2019"]
[Site "Mumbai"]
[Date "2019.10.03"]
[Round "3.14"]
[White "Poltorak, Sebastian"]
[Black "Suleymanli, Suleyman"]
[Result "1-0"]
[ECO "D20"]
[WhiteElo "2130"]
[BlackElo "1941"]
[Annotator "NA"]
[PlyCount "67"]
[EventDate "2019.10.02"]
[EventType "swiss"]
[EventCountry "IND"]
[SourceTitle "playchess.com"]
[Source "ChessBase"]
[SourceQuality "1"]
[TimeControl "40/5400+30:1800+30"]

1. d4 d5 2. c4 dxc4 3. e4 Nf6 4. e5 Nd5 5. Bxc4 Nb6 6. Bd3 Nc6 7. Be3 Nb4 8. Be4 f5 9. exf6 exf6 10. a3 Qe7 11. Nc3 Nc6 12. Nge2 Bd7 13. O-O O-O-O 14. d5 Ne5 15. Rc1 f5 16. Bxb6 axb6 17. Bxf5 Bxf5 18. Qa4 Bd3 19. Qa8+ Kd7 20. Qxb7 Qf6 21. d6 Bxd6 22. Nd5 Qf7 23. Rxc7+ Bxc7 24. Qxc7+ Ke6 25. Nef4+ Kf5 26. g4+ Kxg4 27. Qxe5 Bxf1 28. h3+ Bxh3 29. f3+ Kh4 30. Qe1+ Kg5 31. Nxh3+ Kg6 32. Qe4+ Kh6 33. Qe3+ Kg6 34. Qg5# 1-0

[Event "WYCC U14 Open 2019"]
[Site "Mumbai"]
[Date "2019.10.03"]
[Round "3.16"]
[White "Gokhale Rishabh Chandrashekhar"]
[Black "Pranav Vijay"]
[Result "0-1"]
[ECO "E15"]
[WhiteElo "1925"]
[BlackElo "2265"]
[Annotator "NA"]
[PlyCount "47"]
[EventDate "2019.10.02"]
[EventType "swiss"]
[EventCountry "IND"]
[SourceTitle "playchess.com"]
[Source "ChessBase"]
[SourceQuality "1"]
[TimeControl "40/5400+30:1800+30"]

1. Nf3 Nf6 2. d4 e6 3. c4 b6 4. g3 Ba6 5. b3 Bb7 6. Bg2 Bb4+ 7. Bd2 Be7 8. Nc3 O-O 9. O-O d6 10. Qc2 Nbd7 11. Bf4 c5 12. dxc5 bxc5 13. Rad1 Qb6 14. e4 Rfe8 15. Rfe1 Rad8 16. h3 h6 17. Bc1 Bc6 18. Bb2 Qb7 19. Ba1 Nxe4 20. Kh2 Ne5 21. Nxe5 dxe5 22. Nd5 Bf8 23. f4 Qb8 24. fxe5 0-1

[Event "WYCC U14 Open 2019"]
[Site "Mumbai"]
[Date "2019.10.04"]
[Round "4.2"]
[White "Kolay, Alex"]
[Black "Suleymanli, Aydin"]
[Result "1/2-1/2"]
[ECO "D15"]
[WhiteElo "2164"]
[BlackElo "2426"]
[Annotator "NA"]
[PlyCount "65"]
[EventDate "2019.10.02"]
[EventType "swiss"]
[EventCountry "IND"]
[SourceTitle "playchess.com"]
[Source "ChessBase"]
[SourceQuality "1"]
[TimeControl "40/5400+30:1800+30"]

1. d4 d5 2. c4 c6 3. Nf3 Nf6 4. Nc3 a6 5. c5 Bf5 6. Bf4 Nbd7 7. e3 Nh5 8. Bg5 h6 9. Bh4 g5 10. Bg3 Nxg3 11. hxg3 Bg7 12. Bd3 Bg4 13. Qb3 Rb8 14. Nh2 Be6 15. Qa3 f5 16. f4 g4 17. Na4 h5 18. Nf1 Bf6 19. Qc3 Kf7 20. Qc2 Kg6 21. b4 Qf8 22. Be2 Kg7 23. Bd3 Kg6 24. Be2 Qg7 25. Nb2 Kf7 26. Nd3 h4 27. gxh4 Rxh4 28. Rxh4 Bxh4+ 29. g3 Bf6 30. a4 Rh8 31. Nf2 Nf8 32. b5 Ng6 33. bxa6 1/2-1/2

[Event "WYCC U14 Open 2019"]
[Site "Mumbai"]
[Date "2019.10.04"]
[Round "4.3"]
[White "Samant Aditya S"]
[Black "Colbow, Collin"]
[Result "1-0"]
[ECO "B90"]
[WhiteElo "2334"]
[BlackElo "2148"]
[Annotator "NA"]
[PlyCount "79"]
[EventDate "2019.10.02"]
[EventType "swiss"]
[EventCountry "IND"]
[SourceTitle "playchess.com"]
[Source "ChessBase"]
[SourceQuality "1"]
[TimeControl "40/5400+30:1800+30"]

1. e4 c5 2. Nf3 d6 3. d4 cxd4 4. Nxd4 Nf6 5. Nc3 a6 6. Be3 e5 7. Nf3 Be7 8. Bc4 O-O 9. O-O Nc6 10. Qe2 Na5 11. Bd5 Be6 12. Rfd1 Nd7 13. Nd2 Rc8 14. Nf1 b5 15. a4 b4 16. Na2 b3 17. Nc3 bxc2 18. Qxc2 Nc4 19. b3 Ncb6 20. Bxb6 Qxb6 21. Ne3 Qc5 22. Bc4 Nb6 23. Ned5 Bg5 24. Nxb6 Qxb6 25. Nd5 Qc5 26. a5 Kh8 27. Qe2 f5 28. Bxa6 fxe4 29. Bxc8 Bxd5 30. b4 Qc3 31. Qe1 Qb3 32. Rab1 Qa2 33. Bh3 Bb3 34. Ra1 Qc2 35. a6 e3 36. fxe3 Qe4 37. Rxd6 Bxe3+ 38. Kh1 Qf4 39. Rd3 Bd4 40. Rf3 1-0

[Event "WYCC U14 Open 2019"]
[Site "Mumbai"]
[Date "2019.10.04"]
[Round "4.6"]
[White "Tadic, Stefan"]
[Black "Manish, Kumar"]
[Result "0-1"]
[ECO "C49"]
[WhiteElo "2295"]
[BlackElo "2132"]
[Annotator "NA"]
[PlyCount "204"]
[EventDate "2019.10.02"]
[EventType "swiss"]
[EventCountry "IND"]
[SourceTitle "playchess.com"]
[Source "ChessBase"]
[SourceQuality "1"]
[TimeControl "40/5400+30:1800+30"]

1. e4 e5 2. Nf3 Nc6 3. Nc3 Nf6 4. Bb5 Bb4 5. O-O O-O 6. d3 Bxc3 7. bxc3 d6 8. Bg5 Qe7 9. Re1 Nd8 10. d4 Ne6 11. Bd2 c6 12. Bf1 Qc7 13. g3 h6 14. Bg2 Re8 15. Nh4 Nf8 16. h3 Be6 17. f4 Rad8 18. Qe2 b5 19. Qf2 N8h7 20. a4 a6 21. Be3 Qb8 22. axb5 axb5 23. dxe5 dxe5 24. Ba7 Qb7 25. fxe5 Nd7 26. Nf5 Nxe5 27. Bb6 Rd7 28. Ra7 Qb8 29. Rea1 Ng5 30. Rxd7 Nxd7 31. Ba7 Qc7 32. Bd4 c5 33. Nxg7 Rf8 34. Bf6 Nxf6 35. Qxf6 Qxg3 36. Nh5 Nxh3+ 37. Kh1 Nf2+ 38. Kg1 Nxe4 39. Qxh6 Qg5 40. Qxg5+ Nxg5 41. Ra5 Rb8 42. Bc6 Bc4 43. Nf6+ Kg7 44. Ne8+ Kg6 45. Nd6 Ne6 46. Nxc4 bxc4 47. Bd5 Rb1+ 48. Kf2 Rc1 49. Ke3 Re1+ 50. Kf2 Re5 51. Bxc4 Kf5 52. Ra7 f6 53. Ra6 Nf4 54. Bd3+ Kg5 55. Ra8 Nd5 56. Kg3 Re3+ 57. Kf2 Re5 58. Kg3 f5 59. Rg8+ Kf6 60. Rf8+ Ke6 61. Bc4 Ke7 62. Rh8 Nxc3 63. Bd3 Nd5 64. Rh6 Re3+ 65. Kf2 Re5 66. Kf3 Nb4 67. Kf4 Nxd3+ 68. cxd3 Rd5 69. Ke3 Rd6 70. Rh7+ Ke6 71. Rc7 Kd5 72. Rf7 Ke5 73. Re7+ Re6 74. Rd7 Rh6 75. Re7+ Kd6 76. Rf7 Rh3+ 77. Ke2 Ke5 78. Rc7 Kd4 79. Rd7+ Ke5 80. Rc7 Rh2+ 81. Kf3 Rc2 82. Re7+ Kd6 83. Rf7 Rc1 84. Rf6+ Ke5 85. Rc6 Kd4 86. Rd6+ Kc3 87. Ke2 f4 88. Rd5 Kb4 89. Rf5 Rc2+ 90. Kd1 Rh2 91. Kc1 Kc3 92. Rxc5+ Kxd3 93. Rd5+ Ke3 94. Re5+ Kf2 95. Kd2 f3 96. Rg5 Rh8 97. Rd5 Re8 98. Rd7 Kf1 99. Rf7 f2 100. Ra7 Rf8 101. Rg7 Rd8+ 102. Ke3 Ke1 {[%emt 0:00:28] Kd4} 0-1